 Dungeon Crawl Stone Soup version 0.25-a0-413-g3b4b6a4ccc (console) character file.

Game seed: 13567865474432880778, levelgen mode: deterministic

12163 Kagalorn the Slicer (level 12, 0/92 HPs)
             Began as a Human Assassin on Jan 17, 2020.
             Was a Priest of Dithmenos.
             Killed by divine providence
             ... invoked by a meliai
              (8 damage)
             ... on level 11 of the Dungeon.
             The game lasted 00:56:04 (18168 turns).

Kagalorn the Slicer (Human Assassin)               Turns: 18168, Time: 00:56:05

Health: 0/92       AC: 10    Str: 11    XL:     12   Next: 16%
Magic:  17/17      EV: 17    Int: 17    God:    Dithmenos [***...]
Gold:   461        SH:  0    Dex: 15    Spells: 18/18 levels left

rFire    . . .     SeeInvis .   w - +0 short sword (drain)
rCold    + . .     Gourm    .   (no shield)
rNeg     . . .     Faith    .   R - +3 robe of Satisfaction {+Blink rC+ Stlth+}
rPois    +         Spirit   .   y - +0 helmet
rElec    .         Reflect  .   J - scarf {cloud immunity}
rCorr    .         Harm     .   l - +0 pair of gloves
MR       .....                  Q - +0 pair of boots
Stlth    ++++++++..             (no amulet)
HPRegen  0.25/turn              I - ring of poison resistance
MPRegen  0.15/turn              N - +2 ring of protection

@: marked, very slightly contaminated, wreathed by umbra
A: no striking features
a: Shadow Step, Renounce Religion, Evoke Blink


You were on level 11 of the Dungeon.
You worshipped Dithmenos.
Dithmenos was most pleased with you.
You were hungry.

You visited 1 branch of the dungeon, and saw 11 of its levels.

You collected 461 gold pieces.

Inventory:

Hand Weapons
 a - a +1 dagger of speed
 b - a +0 hunting sling
 e - a +1 scimitar of flaming
 w - a +0 short sword of draining (weapon)
Missiles
 d - 57 poisoned darts (quivered)
 m - 12 boomerangs
 p - 328 stones
 t - 7 javelins
 H - 103 sling bullets
Armour
 c - a +0 cloak
 h - a +2 robe of magic resistance
 l - a +0 pair of gloves (worn)
 y - a +0 helmet (worn)
 J - a scarf of cloud immunity (worn)
 Q - a +0 pair of boots (worn)
 R - the +3 robe of Satisfaction (worn) {+Blink rC+ Stlth+}
   (You found it on level 8 of the Dungeon)

   It protects you from cold.
   It lets you blink.
   It makes you more stealthy.
Magical Staves
 B - an uncursed staff of earth
Jewellery
 i - an uncursed ring of protection from fire
 s - a +4 ring of dexterity
 A - an uncursed ring of see invisible
 I - a ring of poison resistance (left hand)
 N - a +2 ring of protection (right hand)
Wands
 o - a wand of clouds (3)
 E - a wand of acid (7)
 G - a wand of disintegration (15)
 M - a wand of random effects (34)
 T - a wand of scattershot (2)
 U - a wand of enslavement (8)
Scrolls
 k - 2 scrolls of enchant weapon {unknown}
 r - 2 scrolls of remove curse
 u - 2 scrolls of amnesia
 v - 2 scrolls of noise {unknown}
 z - a scroll of acquirement {unknown}
 C - 2 scrolls of fog
 D - 2 scrolls of enchant armour
 F - 3 scrolls of random uselessness {unknown}
 P - a scroll of holy word
 S - a scroll of magic mapping {unknown}
 V - 3 scrolls of teleportation
Potions
 j - a potion of might
 n - a potion of brilliance
 q - a potion of mutation
 x - 3 potions of agility
 K - a potion of flight {unknown}
 L - 2 potions of heal wounds
 O - a potion of ambrosia
Comestibles
 f - 2 rations


   Skills:
 * Level 8.0 Fighting
 * Level 11.1 Short Blades
 - Level 2.0 Throwing
 * Level 4.3 Armour
 * Level 7.6 Dodging
 - Level 10.0 Stealth
 * Level 3.8 Spellcasting
 * Level 0.4 Evocations


You had 18 spell levels left.
You didn't know any spells.
Your spell library contained the following spells:

 Spells                   Type           Power        Failure   Level  Hunger
 Beastly Appendage        Tmut           #.....       16%         1    None
 Sticks to Snakes         Tmut           #.......     24%         2    ##.....
 Confusing Touch          Hex            #.......     43%         3    ###....
 Gell's Gravitas          Tloc           #.........   43%         3    ###....
 Spider Form              Tmut/Pois      #.........   43%         3    ###....
 Ice Form                 Ice/Tmut       #.......     85%         4    ####...
 Petrify                  Tmut/Erth      #.......     85%         4    ####...
 Blade Hands              Tmut           #.........   99%         5    ######.
 Metabolic Englaciation   Hex/Ice        #.........   99%         5    ######.
 Yara's Violent Unravell  Hex/Tmut       #.........   99%         5    ######.


Dungeon Overview and Level Annotations

Branches:
Dungeon (11/15)            Temple (0/1) D:7
   Lair: D:8-11         Orc: D:9-12

Altars:
Cheibriados
Dithmenos
Fedhas
Gozag
Kikubaaqudgha
Makhleb
Okawaru
Ru
Sif Muna
Trog
Vehumet
Xom
The Shining One

Shops:
D:7 }   D:8 *

Annotations:
D:11 exclusion: meliai


Message History

The meliai hits you but does no damage. The meliai misses you.
The meliai mumbles some strange prayers to its god against you.
Something smites you!
* * * LOW HITPOINT WARNING * * *
The meliai closely misses you. x2
Blink to where?
Press: ? - help, Dir - move target cursor, p - meliai You are very lightly contaminated with residual magic.
As you read the scroll of blinking, it crumbles to dust.
The meliai invokes the aid of its god against you.
Something smites you!
* * * LOW HITPOINT WARNING * * *
A purple ugly thing comes into view.
Blink to where?
Press: ? - help, Dir - move target cursor
As you read the scroll of blinking, it crumbles to dust.
A hound comes into view.
The meliai calls down the wrath of its god upon you.
Something smites you!
You die...

#####'#.#.#.# ...#
#..#...#.#####...#
#..#...#.##......#
#..#.#.#.##......#
##.#...+..#......#
###.............#
#.............#
####.#...#...#...
#.......#@#..#
#.#......#...##+#
#.#...............
#.#.............!.
####.#.......#.#..##.#
###
#....#...ยง####.#h.# #
..# #.#..#....# ..#..#
#.#
#....#..#y####.#...
..###....#.......#.#
..


You could see a meliai and a hound.

Vanquished Creatures
  Erica (D:8)
  A two-headed ogre (D:10)
  An unseen horror (D:11)
  Psyche (D:9)
  A troll (D:10)
  4 hippogriffs
  Sigmund (D:5)
  A basilisk (D:10)
  10 yaks (D:10)
  2 hungry ghosts (D:8)
  Grum (D:8)
  3 steam dragons (D:6)
  A porcupine (D:9)
  3 sky beasts
  2 orc warriors
  A black bear (D:10)
  2 eyes of draining
  A hornet zombie (D:9)
  4 ice beasts
  A necrophage (D:9)
  10 ogres
  3 phantoms
  2 wolves
  8 centaurs
  6 bullfrogs
  A wyvern zombie (D:9)
  5 scorpions
  17 killer bees
  4 wights
  11 crimson imps
  3 howler monkeys
  3 bullfrog zombies
  6 orc priests
  7 hounds
  A jelly (D:6)
  6 orc wizards
  Terence (D:2)
  7 worker ants
  2 hell rats (D:8)
  A worker ant zombie (D:4)
  Robin (D:2)
  2 howler monkey skeletons (D:9)
  4 gnolls (D:7)
  12 adders
  2 shadow imps
  2 adder skeletons
  2 worms
  2 dart slugs
  3 leopard geckos
  25 orcs
  3 ball pythons
  6 bats
  6 giant cockroaches
  17 goblins
  7 hobgoblins
  2 jackals (D:10)
  8 kobolds
  5 quokkas
  6 frilled lizards
  A leopard gecko skeleton (D:8)
  A leopard gecko zombie (D:7)
  20 rats
283 creatures vanquished.

Vanquished Creatures (others)
  An orc (D:6)
1 creature vanquished.

Grand Total: 284 creatures vanquished

Notes
Turn   | Place    | Note
-------+----------+-------------------------------------------
     0 | D:1      | Kagalorn the Human Assassin began the quest for the Orb.
     0 | D:1      | Reached XP level 1. HP: 16/16 MP: 1/1
    28 | D:1      | Noticed an ogre
    72 | D:1      | Reached XP level 2. HP: 6/22 MP: 2/2
   673 | D:1      | Reached XP level 3. HP: 27/27 MP: 3/3
   819 | D:1      | Reached skill level 5 in Stealth
  1047 | D:2      | Noticed Robin
  1396 | D:2      | Noticed Terence
  1434 | D:2      | Killed Terence
  1434 | D:2      | Reached XP level 4. HP: 33/33 MP: 4/4
  1865 | D:2      | Killed Robin
  1865 | D:2      | Reached XP level 5. HP: 29/38 MP: 5/5
  2152 | D:3      | Found a sacrificial altar of Ru.
  2345 | D:3      | Found a shimmering altar of Xom.
  2345 | D:3      | Found a shimmering altar of Xom.
  2370 | D:3      | Found a shimmering altar of Xom.
  2371 | D:3      | Found a shimmering altar of Xom.
  2386 | D:3      | Found a shimmering altar of Xom.
  2527 | D:3      | Found a shimmering altar of Xom.
  2588 | D:3      | Found a faded altar of an unknown god.
  2843 | D:4      | Found a shadowy altar of Dithmenos.
  2883 | D:4      | Became a worshipper of Dithmenos the Shadowed
  2941 | D:4      | Reached XP level 6. HP: 21/44 MP: 6/6
  3541 | D:4      | Noticed an ogre
  3590 | D:4      | Killed an ogre
  3590 | D:4      | Reached XP level 7. HP: 37/50 MP: 7/7
  3780 | D:4      | Reached skill level 3 in Short Blades
  3950 | D:4      | Found a shimmering blue altar of Sif Muna.
  3950 | D:4      | Found a blossoming altar of Fedhas.
  4238 | D:5      | Entered Level 5 of the Dungeon
  4726 | D:5      | Found an iron altar of Okawaru.
  4768 | D:5      | Reached XP level 8. HP: 57/57 MP: 8/8
  5133 | D:5      | Reached skill level 4 in Short Blades
  5157 | D:5      | Found a radiant altar of Vehumet.
  5564 | D:5      | Reached * piety under Dithmenos
  5619 | D:5      | Reached skill level 5 in Short Blades
  6484 | D:5      | Noticed Sigmund
  6832 | D:5      | Reached XP level 9. HP: 66/66 MP: 9/9
  6860 | D:5      | Killed Sigmund
  6860 | D:5      | Reached skill level 5 in Fighting
  6860 | D:5      | Reached skill level 6 in Short Blades
  6968 | D:5      | Found a radiant altar of Vehumet.
  7412 | D:6      | Reached skill level 7 in Short Blades
  7504 | D:6      | Found an opulent altar of Gozag.
  8040 | D:6      | Found an ancient bone altar of Kikubaaqudgha.
  8171 | D:6      | Found a burning altar of Makhleb.
  8235 | D:5      | Reached skill level 8 in Short Blades
  8695 | D:6      | Found a bloodstained altar of Trog.
  9064 | D:7      | Found Ylopsoxo's Gadget Emporium.
  9122 | D:7      | Reached skill level 9 in Short Blades
  9127 | D:7      | Reached XP level 10. HP: 66/74 MP: 10/10
  9134 | D:7      | Reached skill level 10 in Stealth
  9678 | D:7      | Found a staircase to the Ecumenical Temple.
  9699 | D:7      | Reached skill level 10 in Short Blades
  9782 | D:7      | Reached skill level 1 in Armour
  9782 | D:7      | Reached skill level 1 in Spellcasting
 10153 | D:7      | Found a glowing golden altar of the Shining One.
 10381 | D:7      | Reached ** piety under Dithmenos
 10690 | D:8      | Found a snail-covered altar of Cheibriados.
 10930 | D:8      | Found Yrhoag's General Store.
 11130 | D:8      | Got an opalescent robe
 11141 | D:8      | Identified the +3 robe of Satisfaction {+Blink rC+ Stlth+}
                  | (You found it on level 8 of the Dungeon)
 11155 | D:8      | Noticed Erica
 11535 | D:8      | Killed Erica
 12073 | D:9      | Noticed Psyche
 12598 | D:6      | Reached XP level 11. HP: 59/83 MP: 1/14
 13118 | D:8      | Reached skill level 5 in Dodging
 13187 | D:9      | Killed Psyche
 14075 | D:9      | Noticed a death yak
 14075 | D:9      | Noticed a death yak
 14075 | D:9      | Noticed a death yak
 14077 | D:9      | Noticed Grum
 15002 | D:8      | Killed Grum
 15587 | D:10     | Entered Level 10 of the Dungeon
 15822 | D:10     | Reached *** piety under Dithmenos
 16013 | D:10     | Noticed a two-headed ogre
 16177 | D:10     | Killed a two-headed ogre
 17225 | D:10     | Reached XP level 12. HP: 63/92 MP: 17/17
 17261 | D:10     | Reached skill level 11 in Short Blades
 17888 | D:11     | Noticed an unseen horror
 17910 | D:11     | Killed an unseen horror
 18114 | D:11     | Noticed a two-headed ogre
 18168 | D:11     | Killed from afar by a meliai

Levels and vault maps discovered:
D:1:      evilmike_arrival_come_back, layout_loops_ring
D:2:      layout_basic, hangedman_feature_mirror, uniq_terence, uniq_robin
D:3:      layout_basic, xom_redecorated, old_standard_altar,
          chequers_ecumenical_altar_grove, st_stairs_3
D:4:      lemuel_upstairs_altar, layout_cave_pools,
          amethyst_overflow_temple_binary,
          nicolae_dithmenos_through_a_glass_darkly
D:5:      minmay_clustersquares, layout_loops_ring, lemuel_crystal_altar,
          first_ration, kennysheep_okawaru_gauntlet, uniq_sigmund
D:6:      cheibrodos_steamvent, layout_basic, kennysheep_little_box,
          overflow_temple_1_default, kiku_gazebo_pond_becter,
          trog_eyes_of_draining
D:7:      layout_basic, lemuel_round_altar, minmay_temple_entry_junction_2,
          serial_shops, shop
D:8:      layout_loops_corners, lemuel_round_altar, serial_shops,
          kennysheep_mini, uniq_erica
D:9:      layout_cave_pools, dpeg_lair_monsters, david_nohive_1, uniq_grum,
          uniq_psyche
D:10:     layout_loops_corners
D:11:     minmay_the_grid_square_5x5_4x4
          [minmay_the_grid_square_5x5_two_walls_a,
          minmay_the_grid_square_5x5_inset,
          minmay_the_grid_square_5x5_three_small,
          minmay_the_grid_square_5x5_misaligned, minmay_the_grid_square_5x5_c,
          minmay_the_grid_square_5x5_prize_junk,
          minmay_the_grid_square_5x5_prize_gold, minmay_the_grid_square_5x5_v,
          minmay_the_grid_square_5x5_checkered_sparse,
          minmay_the_grid_square_5x5_prize_rear_guard,
          minmay_the_grid_square_5x5_prize_deathbox,
          minmay_the_grid_square_5x5_forky,
          minmay_the_grid_square_5x5_beaten_path,
          minmay_the_grid_square_5x5_shrine2,
          minmay_the_grid_square_5x5_inner_i,
          minmay_the_grid_square_5x5_minivault], layout_stronghold, st_stairs_14

Skill      XL: |  1  2  3  4  5  6  7  8  9 10 11 12 |
---------------+-------------------------------------+-----
Stealth        | 5 6 7 8 9 10 | 10.0
Short Blades   | 3 5 9 10 11 | 11.1
Fighting       | 4 5 6 7 8 |  8.0
Armour         | 2 4 |  4.3
Dodging        | 4 7 |  7.6
Spellcasting   | 2 3 |  3.8
Throwing       | |  2.0
Evocations     | |  0.4

Action                   |  1- 3 |  4- 6 |  7- 9 | 10-12 || total
-------------------------+-------+-------+-------+-------++-------
Melee: Dagger            |   108 |   198 |   399 |    64 ||   769
       Short sword       |       |       |   145 |  1056 ||  1201
 Fire: Hunting sling     |       |       |    33 |       ||    33
Throw: Dart              |     4 |    39 |    88 |   156 ||   287
Evoke: Wand              |       |       |       |     4 ||     4
  Use: Scroll            |       |     5 |     5 |    11 ||    21
       Potion            |       |       |     2 |       ||     2
 Stab: Sleeping          |     7 |    14 |    14 |    19 ||    54
       Distracted        |       |       |       |     3 ||     3
  Eat: Chunk             |     1 |     7 |    14 |    18 ||    40
       Ration            |       |       |     1 |     7 ||     8
Armor: Robe              |    23 |    31 |    59 |   196 ||   309
       Skin              |       |       |    19 |       ||    19
Dodge: Dodged            |    48 |    78 |   228 |   751 ||  1105

Table legend:
 A = Non-vault XP
 B = Vault XP
 C = Vault XP percentage of total XP
 D = Non-vault monster count
 E = Vault monster count
 F = Vault count percentage of total count
                 A         B        C        D         E       F
            +---------+---------+-------+---------+---------+-------
      Total |   13167 |    4210 |  24.2 |     236 |      47 |  16.6
            +---------+---------+-------+---------+---------+-------
        D:1 |      31 |       6 |  16.2 |      20 |       3 |  13.0
        D:2 |      70 |      58 |  45.3 |      26 |       5 |  16.1
        D:3 |      38 |       1 |   2.6 |      17 |       1 |   5.6
        D:4 |     706 |       0 |   0.0 |      23 |       0 |   0.0
        D:5 |    1044 |     459 |  30.5 |      23 |       9 |  28.1
        D:6 |     719 |     908 |  55.8 |      21 |       6 |  22.2
        D:7 |    1629 |       0 |   0.0 |      30 |       0 |   0.0
        D:8 |    1730 |    1851 |  51.7 |      22 |      16 |  42.1
        D:9 |     907 |     927 |  50.5 |      11 |       7 |  38.9
       D:10 |    5343 |       0 |   0.0 |      39 |       0 |   0.0
       D:11 |     950 |       0 |   0.0 |       4 |       0 |   0.0
            +---------+---------+-------+---------+---------+-------
